 Dungeon Crawl Stone Soup version 0.29-a0-323-g050149af67 (webtiles) character file.

Game seed: 12928627489250035122

28 dianekeaton the Ruffian (level 3, -1/35 (36) HPs)
             Began as a Troll Fighter on Apr 11, 2022.
             Succumbed to a water moccasin's poison
             ... on level 2 of the Dungeon.
             The game lasted 00:04:34 (1930 turns).

dianekeaton the Ruffian (Troll Fighter)             Turns: 1930, Time: 00:04:34

HP:   -1/35 (36)    AC:  4    Str: 26    XL:     3   Next: 0%
MP:   2/2           EV:  8    Int:  4    God:
Gold: 144           SH:  7    Dex:  9    Spells: 2/2 levels left

rFire   . . .      SeeInvis .     - Unarmed
rCold   . . .      Faith    .   b - +0 kite shield
rNeg    . . .      Spirit   .   a - +0 robe
rPois   .          Reflect  .   (helmet restricted)
rElec   .          Harm     .   (no cloak)
rCorr   .          Rampage  .   (gloves unavailable)
Will    .....                   (boots unavailable)
Stlth   +.........              (no amulet)
HPRegen 0.91/turn               (no ring)
MPRegen 0.08/turn               (no ring)

@: mighty, lethally poisoned (-1 -> -6), lightly drained
A: large, unfitting armour, claws 3, regeneration 1, shaggy fur 1, tough skin 1
a: no special abilities


You were on level 2 of the Dungeon.
You visited 1 branch of the dungeon, and saw 3 of its levels.

You collected 144 gold pieces.

Inventory:

Missiles
 j - 10 poisoned darts (quivered)
Armour
 a - a +0 robe (worn)
 b - a +0 kite shield (worn)
Scrolls
 e - a scroll of identify
 i - a scroll of teleportation {unknown}
 l - a scroll of fog {unknown}
 n - a scroll of immolation {unknown}
Potions
 d - a potion of lignification
 f - 2 potions of mutation {unknown}
 g - a potion of degeneration
 h - a potion of curing
 k - a potion of ambrosia {unknown}
 m - a potion of flight {unknown}


   Skills:
 + Level 2.4 Fighting
 - Level 2.4 Dodging
 + Level 2.4 Shields
 + Level 3.4 Unarmed Combat


You had 2 spell levels left.
You didn't know any spells.
Your spell library contained the following spells:

 Spells                   Type           Power      Damage    Failure   Level
 Apportation              Tloc           0%         N/A       80%         1
 Alistair's Intoxication  Tmut/Pois      0%         N/A       100%        5


Dungeon Overview and Level Annotations

Branches:
Dungeon (3/15)

Altars:

Shops:
D:2 :


Innate Abilities, Weirdness & Mutations

You are too large for most types of armour.
You have claws for hands.
Your natural rate of healing is unusually fast.
You are covered in fur. (AC +1)
You have tough skin. (AC +1)


Message History

The water moccasin bites you. The rat bites you.
You climb upwards.
You feel very sick.
There is a stone staircase leading down here.
You scratch the water moccasin.
The water moccasin is moderately wounded.
You feel sick. You block the water moccasin's attack.
The rat closely misses you. The water moccasin bites you.
* * * LOW HITPOINT WARNING * * *
You feel better. The water moccasin bites you!
* * * LOW HITPOINT WARNING * * *
The rat bites you but does no damage.
You miss the water moccasin.
The water moccasin is moderately wounded.
You block the water moccasin's attack. The rat bites you but does no damage.
The water moccasin barely misses you.
You completely miss the water moccasin.
The water moccasin is moderately wounded.
The water moccasin bites you.
* * * LOW HITPOINT WARNING * * *
The rat bites you but does no damage.
You feel very mighty all of a sudden. You block the water moccasin's attack.
The rat barely misses you.
The water moccasin bites you but does no damage.
You closely miss the water moccasin.
The water moccasin is moderately wounded.
You block the rat's attack. The water moccasin bites you.
* * * LOW HITPOINT WARNING * * *
You are lethally poisoned!
The water moccasin poisons you!
You barely miss the water moccasin.
The water moccasin is moderately wounded.
* * * LOW HITPOINT WARNING * * *
You feel very sick.
The water moccasin bites you but does no damage.
You block the rat's attack. The water moccasin bites you.
* * * LOW HITPOINT WARNING * * *
You mangle the water moccasin!!
The water moccasin is almost dead.
You die...

########### #.........#
#.#######.# #.# #.# #########
#.# #####.### ### #......S# #.#
#........ ##.#####.#####@#
#.###)###.### ##...##......##r#
#.........# # #.....#.#.##.##.#
#.###.##..# #
###...##.#.##.##.# #.........#
#
.........#.##.##.####.###.##.##
#
####.#####.........##.###.##.#
#.# ####.##.#.##........# ##'##
#.##.#.######.##### ##...##
#.##.#.# #.......##


You could see a water moccasin and a rat.

Vanquished Creatures
  4 endoplasms (D:1)
  3 giant cockroaches (D:1)
  4 goblins
  2 hobgoblins
  A quokka (D:2)
  A bat (D:2)
  4 frilled lizards (D:1)
  5 kobolds (D:1)
  2 rats
26 creatures vanquished.

Notes
Turn   | Place    | Note
-------+----------+-------------------------------------------
     0 | D:1      | dianekeaton the Troll Fighter began the quest for the Orb.
     0 | D:1      | Reached XP level 1. HP: 22/22 MP: 0/0
   133 | D:1      | Reached XP level 2. HP: 29/29 MP: 1/1
   239 | D:1      | Reached skill level 3 in Unarmed Combat
  1154 | D:2      | Found Mueklisy's Book Shoppe.
  1733 | D:2      | Found a faded altar of an unknown god.
  1747 | D:2      | Reached XP level 3. HP: 35/35 MP: 2/2
  1913 | D:3      | Noticed a water moccasin
  1929 | D:2      | HP: 1/35 [water moccasin (2)]
  1930 | D:2      | Succumbed to a water moccasin's poison

Illustrated notes

Levels and vault maps discovered:
D:1:      saegor_arrival_simple_e, layout_basic, minmay_3d_cube
D:2:      layout_loops_corners, serial_shops, shop, basic_ecumenical_altar
D:3:      layout_loops_ring, trog_three_pillars_becter

Skill      XL: |  1  2 |
---------------+-------+-----
Unarmed Combat | 3 |  3.4
Fighting       | |  2.4
Dodging        | |  2.4
Shields        | |  2.4

Action                   || total
-------------------------++-------
Melee: Unarmed           ||    69
Throw: Dart              ||     2
  Use: Scroll            ||     5
       Potion            ||     2
 Stab: Sleeping          ||     1
Armor: Robe              ||    27
Dodge: Dodged            ||    15
Block: Kite shield       ||    21

Table legend: (Time is in decaauts)
 A = Elapsed time spent in this place.
 B = Non-inter-level travel time spent in this place.
 C = Inter-level travel time spent in this place.
 D = Time resting spent in this place.
 E = Time spent auto-exploring this place.
 F = Levels seen in this place.
 G = Mean time per level.
                   A        B        C        D        E       F      G
               +--------+--------+--------+--------+--------+-----+--------+
         Total |   1936 |   1883 |     53 |    212 |   1441 |   3 |  645.3 |
       Dungeon |   1936 |   1883 |     53 |    212 |   1441 |   3 |  645.3 |
               +--------+--------+--------+--------+--------+-----+--------+

Top non-repeatable levels by time:
     D:1: 1142 daAuts
     D:2: 784 daAuts
     D:3: 9 daAuts
